 Dungeon Crawl Stone Soup version 0.18.1-8-gdd0e5ea (webtiles) character file.

373 santipi the Grave Robber (level 6, -3/42 HPs)
             Began as a Demonspawn Necromancer on June 5, 2016.
             Slain by an ogre
             ... wielding a cursed +0 giant club
              (18 damage)
             ... on level 4 of the Dungeon.
             The game lasted 00:22:16 (3005 turns).

santipi the Grave Robber (Demonspawn Necromancer)   Turns: 3005, Time: 00:22:17

Health: -3/42      AC:  3    Str:  8    XL:     6   Next: 43%
Magic:  7/11       EV: 13    Int: 19    God:
Gold:   79         SH:  0    Dex: 13    Spells: 4 memorised, 3 levels left

rFire  + . .     SeeInvis .     f - +1 dagger
rCold  . . .     Gourm    .     a - +1 robe
rNeg   . . .     Faith    .     (no shield)
rPois  .         Spirit   .     (no helmet)
rElec  .         Dismiss  .     (no cloak)
rCorr  .         Reflect  .     (no gloves)
SustAt .         Harm     .     (no boots)
MR     .....                    (no amulet)
Stlth  ++........               (no ring)
                                (no ring)

@: lethally poisoned (-3 -> -4), not resistant to hostile enchantments,
unstealthy
A: fire resistance 1, spiny 1
a: no special abilities


You were on level 4 of the Dungeon.
You were not hungry.

You visited 1 branch of the dungeon, and saw 4 of its levels.

You collected 79 gold pieces.

Inventory:

Hand Weapons
 f - a +1 dagger (weapon)
Armour
 a - a +1 robe (worn)
Potions
 d - a potion of curing
 j - a potion of brilliance
Books
 b - a book of Necromancy

   Spells                             Type                      Level
   a - Pain                           Necromancy                   1
   b - Animate Skeleton               Necromancy                   1
   c - Vampiric Draining              Necromancy                   3
   d - Regeneration                   Charms/Necromancy            3
   e - Animate Dead                   Necromancy                   4
   f - Control Undead                 Necromancy                   4
Comestibles
 c - 2 bread rations
 h - a slice of pizza


   Skills:
 + Level 0.8 Fighting
 * Level 1.9 Short Blades
 + Level 2.7 Dodging
 + Level 2.2 Stealth
 + Level 3.5 Spellcasting
 * Level 6.4 Necromancy


You had 3 spell levels left.
You knew the following spells:

 Your Spells              Type           Power        Failure   Level  Hunger
a - Pain                  Necr           ####         1%          1    None
b - Animate Skeleton      Necr           N/A          1%          1    None
c - Vampiric Draining     Necr           ####......   3%          3    ###....
d - Animate Dead          Necr           N/A          12%         4    ####...


Dungeon Overview and Level Annotations

Branches:
Dungeon (4/15)
 Temple: D:4-7

Altars:
Dithmenos


Innate Abilities, Weirdness & Mutations

Your flesh is heat resistant.
You are partially covered in sharp spines.


Message History

Aim: an ogre, wielding a giant club (chance to defeat MR: 84%)
The ogre convulses in agony!
You feel sick.
Casting: Pain
Confirm with . or Enter, or press ? or * to list all spells.
Okay, then.
You completely miss the ogre.
The ogre is lightly wounded.
You hit the ogre.
The ogre is moderately wounded.
The ogre hits you with a giant club!!
Ouch! That really hurt!
* * * LOW HITPOINT WARNING * * *
Casting: Pain
Confirm with . or Enter, or press ? or * to list all spells.
Aiming: Vampiric Draining
Press: ? - help, Shift-Dir - straight line, f/p - ogre
Aim: an ogre, wielding a giant club (moderately wounded)
The ogre is severely wounded.
You feel life coursing into your body. The ogre hits you with a giant club!!
You die...

#....$..........
#...........>...
................
................
................
................
.......O........
...o...@<.......
................
................
................
................
................
................
................


You could see an ogre and an orc.

Vanquished Creatures
  The ghost of dracos369 the Chopper, an amateur HOWr (D:3)
  Jessica (D:2)
  Natasha (twice) (D:2)
  3 adders (D:3)
  An ooze (D:2)
  4 worms
  2 dart slugs
  2 giant geckos
  3 orcs (D:3)
  7 bats
  4 giant cockroaches (D:1)
  5 goblins
  5 hobgoblins
  6 jackals
  7 kobolds
  2 quokkas
  A ball python (D:3)
  2 giant newts (D:2)
  15 rats
73 creatures vanquished.

Vanquished Creatures (collateral kills)
  An ice beast (D:3)
  A giant gecko (D:2)
  A ball python (D:3)
  2 goblins
  A kobold (D:2)
6 creatures vanquished.

Grand Total: 79 creatures vanquished

Notes
Turn   | Place    | Note
--------------------------------------------------------------
     0 | D:1      | santipi the Demonspawn Necromancer began the quest for the Orb.
     0 | D:1      | Reached XP level 1. HP: 13/13 MP: 3/3
   442 | D:1      | Gained mutation: Your flesh is heat resistant. [demonic ancestry]
   442 | D:1      | Reached XP level 2. HP: 18/19 MP: 1/5
   481 | D:1      | Learned a level 1 spell: Animate Skeleton
  1135 | D:1      | Reached skill level 5 in Necromancy
  1143 | D:1      | Gained mutation: You are partially covered in sharp spines. [demonic ancestry]
  1143 | D:1      | Reached XP level 3. HP: 7/24 MP: 2/6
  1373 | D:1      | Learned a level 3 spell: Vampiric Draining
  1933 | D:2      | Found a shadowy altar of Dithmenos.
  1991 | D:2      | Reached XP level 4. HP: 22/30 MP: 5/7
  2163 | D:2      | Noticed Jessica
  2172 | D:2      | Killed Jessica
  2181 | D:2      | Noticed Natasha
  2190 | D:2      | Killed Natasha
  2190 | D:2      | Reached skill level 1 in Short Blades
  2345 | D:2      | Noticed Natasha
  2356 | D:2      | Killed Natasha
  2356 | D:2      | Reached XP level 5. HP: 22/36 MP: 3/9
  2716 | D:3      | Noticed dracos369's ghost (amateur HOWr)
  2732 | D:3      | Killed dracos369's ghost
  2768 | D:3      | Reached skill level 6 in Necromancy
  2775 | D:3      | Learned a level 4 spell: Animate Dead
  2782 | D:3      | Reached XP level 6. HP: 20/42 MP: 8/10
  2784 | D:3      | Noticed an ice beast
  2789 | D:3      | Killed an ice beast
  3005 | D:4      | Slain by an ogre

Skill      XL: |  1  2  3  4  5 |
---------------+----------------+-----
Dodging        | 2 |  2.7
Necromancy     | 5 6 |  6.4
Short Blades   | 1 |  1.9
Stealth        | 2 |  2.2
Spellcasting   | 3 |  3.5
Fighting       | |  0.8

Action                   |  1- 3 |  4- 6 || total
-------------------------+-------+-------++-------
Melee: Unarmed           |    37 |       ||    37
       Dagger            |    52 |    57 ||   109
 Cast: Pain              |    40 |    18 ||    58
       Animate Skeleton  |    14 |     6 ||    20
       Vampiric Draining |     3 |     7 ||    10
  Use: Scroll            |     3 |     5 ||     8
       Potion            |       |     3 ||     3
 Stab: Sleeping          |     2 |     3 ||     5
  Eat: Chunk             |     2 |     2 ||     4
       Bread ration      |     1 |       ||     1
Armor: Robe              |    14 |     6 ||    20
Dodge: Dodged            |    80 |    19 ||    99
